Map: Dusk Towers

Players

Fropez

  • Race: Protoss Protoss
  • League: Silver
  • Spawn Location: 1:00

ATLAS - Winner!

  • Race: Terran Terran
  • Spawn Location: 7:00

VOD

Have the link to the VOD?

Description

Time

  • Played on: May 10, 2016, 10:41 a.m.
  • Length: 19:42
Show
View Real Time Build Order
Export as new Build Order

Fropez Protoss 

Build Orders:  

Get SALT Encoding   

  12  0:01  Probe (Chrono Boost)  
  13  0:17  Pylon  
  13  0:18  Probe (Chrono Boost)  
  14  0:35  Gateway  
  14  0:40  Assimilator  
  14  0:41  Probe (Chrono Boost)  
  15  0:51  Probe (Chrono Boost)  
  16  1:01  Pylon  
  16  1:02  Probe (Chrono Boost)  
  17  1:12  Probe (Chrono Boost)  
  18  1:24  Cybernetics Core  
  18  1:27  Pylon  
  18  1:30  Probe (Chrono Boost)  
  19  1:40  Assimilator  
  19  1:50  Pylon  
  19  1:52  Probe (Chrono Boost)  
  20  2:03  Mothership Core (Chrono Boost)  
  20  2:04  Warp Gate (Chrono Boost)  
  22  2:18  Pylon  
  23  2:22  Probe (Chrono Boost)  
  23  2:33  Probe  
  24  2:44  Gateway x2  
  24  2:47  Probe  
  25  2:55  Adept  
  27  2:59  Probe  
  28  3:12  Probe  
  29  3:24  Probe  
  30  3:36  Probe  
  31  3:56  Adept x2  
  31  3:57  Adept  
  31  4:02  Probe  
  32  4:14  Probe  
  33  4:19  Nexus  
  33  4:22  Assimilator  
  33  4:26  Probe, Assimilator  
  33  4:29  Pylon  
  33  4:31  Pylon  
  34  4:35  Pylon  
  34  4:36  Pylon  
  34  4:37  Forge  
  34  4:38  Probe  
  35  4:43  Adept x2  
  39  4:47  Adept  
  39  4:50  Probe  
  42  5:04  Probe  
  42  5:25  Robotics Facility  
  42  5:26  Robotics Facility  
  42  5:33  Photon Cannon  
  42  5:37  Probe  
  42  5:39  Probe  
  42  5:40  Photon Cannon  
  44  5:51  Probe  
  45  5:57  Pylon  
  45  5:58  Adept x3  
  51  6:13  Probe  
  51  6:14  Probe  
  53  6:19  Observer x2  
  53  6:23  Adept  
  53  6:24  Adept  
  59  6:26  Protoss Ground Weapons Level 1 (Chrono Boost)  
  59  6:38  Twilight Council  
  55  6:59  Probe  
  55  7:01  Probe  
  61  7:08  Immortal (Chrono Boost)  
  65  7:15  Immortal (Chrono Boost)  
  65  7:21  Adept x3  
  65  7:22  Probe  
  72  7:23  Probe  
  73  7:43  Warp Prism (Chrono Boost)  
  73  7:48  Gateway  
  74  8:00  Probe  
  74  8:01  Observer (Chrono Boost)  
  74  8:02  Probe  
  76  8:10  Resonating Glaives  
  76  8:13  Nexus  
  76  8:14  Adept, Immortal (Chrono Boost)  
  76  8:17  Assimilator  
  82  8:22  Assimilator  
  82  8:23  Pylon  
  82  8:30  Probe  
  82  8:32  Probe  
  84  8:42  Pylon  
  84  8:43  Probe  
  84  8:44  Probe  
  86  8:51  Protoss Ground Weapons Level 2  
  86  8:58  Adept x3  
  92  9:04  Immortal (Chrono Boost)  
  92  9:08  Pylon  
  92  9:09  Immortal (Chrono Boost)  
  100  10:06  Stalker x4  
  108  10:17  Immortal (Chrono Boost)  
  116  10:22  Immortal (Chrono Boost)  
  116  10:24  Probe  
  116  10:25  Probe x2  
  119  10:41  Stalker x4  
  127  10:51  Immortal (Chrono Boost)  
  131  11:06  Gateway  
  131  11:07  Probe  
  131  11:08  Gateway  
  131  11:10  Gateway  
  132  11:13  Gateway  
  132  11:19  Pylon  
  132  11:23  Protoss Ground Weapons Level 3 (Chrono Boost)  
  132  11:24  Forge  
  132  11:25  Robotics Bay  
  132  11:28  Templar Archives  
  132  11:39  Probe  
  132  11:40  Probe x2  
  135  11:50  Stalker  
  135  11:51  Stalker x3  
  135  11:52  Probe  
  144  12:15  Photon Cannon, Protoss Ground Armor Level 1 (Chrono Boost)  
  144  12:18  Gravitic Drive  
  144  12:24  High Templar x2  
  148  12:33  Pylon  
  148  12:38  Probe  
  148  12:41  Pylon x2  
  149  12:44  Pylon  
  149  12:46  Pylon  
  149  12:51  Probe  
  149  12:53  Nexus  
  149  12:55  Assimilator  
  149  13:00  Assimilator  
  149  13:01  Pylon  
  149  13:02  Archon  
  149  13:04  High Templar x4  
  149  13:05  High Templar x4  
  165  13:08  Archon x2  
  165  13:09  Archon x2  
  161  13:16  Pylon  
  155  13:20  Pylon  
  155  13:29  Pylon  
  155  13:38  Pylon  
  155  13:40  Pylon  
  155  13:56  Photon Cannon  
  155  13:58  Photon Cannon  
  155  13:59  Probe x2  
  155  14:00  Probe  
  158  14:05  Photon Cannon  
  158  14:10  Photon Cannon  
  158  14:14  Pylon  
  158  14:39  Probe x2  
  158  14:40  Probe  
  126  15:00  High Templar x2  
  126  15:01  High Templar x6  
  140  15:08  Protoss Shields Level 1 (Chrono Boost)  
  114  15:24  Archon x3  
  114  15:25  Protoss Ground Armor Level 2 (Chrono Boost), Archon  
  114  15:37  High Templar  
  114  15:38  High Templar x6  
  114  15:39  High Templar  
  114  15:42  Archon x3  
  130  15:43  Archon  
  94  16:16  Stalker x6  
  94  16:17  Stalker  
  108  16:19  Stalker  
  108  16:23  Probe  
  108  16:25  Probe x2  
  113  16:34  Probe  
  113  16:37  Probe x2  
  116  16:41  Stalker x5  
  116  16:42  Stalker x3  
  116  16:44  Probe  
  133  16:49  Probe x2  
  133  16:51  Nexus  
  133  16:52  Stargate  
  133  16:53  Assimilator  
  132  16:54  Stargate  
  132  16:55  Probe  
  132  16:57  Assimilator  
  132  17:00  Pylon  
  132  17:01  Pylon, Probe x2  
  131  17:32  Zealot x6  
  131  17:33  Zealot x2  
  131  17:43  Phoenix x2 (Chrono Boost)  
  127  17:54  Probe x2  
  129  18:02  Probe  
  129  18:05  Phoenix x2 (Chrono Boost)  
  134  18:06  Probe  
  135  18:15  Pylon  
  135  18:21  Nexus  
  135  18:25  Assimilator  
  139  18:27  Phoenix x2 (Chrono Boost)  
  139  18:29  Assimilator  
  139  18:43  Pylon  
  139  18:45  Fleet Beacon  
  113  19:13  Phoenix x2 (Chrono Boost)  
Show
View Real Time Build Order
Export as new Build Order

ATLAS Terran - Winner!

Build Orders: Reaper Expand 

Get SALT Encoding   

  12  0:54  SCV  
  13  1:09  SCV  
  14  1:12  Supply Depot  
  14  1:13  Command Center  
  14  1:14  Refinery  
  14  1:23  SCV  
  15  1:34  Barracks  
  15  1:43  SCV  
  16  1:55  Supply Depot  
  16  1:57  SCV  
  17  2:09  SCV  
  18  2:17  Refinery  
  18  2:22  SCV  
  18  2:34  Reaper  
  19  2:41  Orbital Command  
  19  2:42  Ghost Academy  
  19  2:46  SCV  
  20  2:58  SCV  
  21  3:08  SCV  
  22  3:14  SCV  
  22  3:19  Barracks Tech Lab  
  23  3:26  SCV  
  24  3:28  SCV  
  24  3:29  Factory  
  25  3:35  Refinery  
  25  3:40  SCV  
  26  3:42  SCV  
  27  3:50  Ghost  
  27  3:52  SCV  
  27  3:54  SCV  
  31  4:10  SCV  
  31  4:12  Refinery  
  31  4:13  SCV  
  31  4:16  Widow Mine  
  35  4:22  SCV  
  36  4:28  Personal Cloaking  
  36  4:30  Starport  
  36  4:32  SCV  
  36  4:37  Orbital Command  
  39  4:45  Marauder  
  39  4:47  Widow Mine  
  41  4:54  Liberator  
  41  4:55  SCV  
  42  5:05  SCV  
  46  5:19  Fusion Core  
  46  5:25  SCV x2  
  46  5:27  Supply Depot  
  46  5:28  Supply Depot  
  48  5:31  Widow Mine  
  48  5:34  Marauder  
  52  5:37  SCV  
  53  5:49  SCV x2  
  55  5:59  Medivac  
  55  6:01  SCV x2  
  59  6:13  SCV  
  60  6:26  SCV  
  61  7:04  Liberator  
  61  7:14  Marauder  
  63  7:16  Factory Tech Lab  
  66  7:35  Marauder  
  65  7:54  Siege Tank  
  65  7:57  Marauder  
  70  8:03  Command Center  
  70  8:08  Nuke  
  70  8:19  Supply Depot  
  70  8:29  Starport Tech Lab  
  70  8:38  Starport  
  70  8:40  Siege Tank  
  73  8:42  Supply Depot  
  73  8:45  Starport  
  73  8:56  Battlecruiser  
  73  9:01  Supply Depot  
  79  9:03  Supply Depot  
  79  9:04  Ghost  
  79  9:06  Supply Depot  
  79  9:07  Supply Depot  
  81  9:16  Starport Tech Lab  
  81  9:23  Starport Tech Lab  
  80  9:32  Ghost  
  80  9:33  Supply Depot  
  81  10:01  Battlecruiser  
  81  10:06  Battlecruiser x2  
  101  10:44  Marauder  
  101  10:53  Behemoth Reactor  
  101  11:05  SCV, Marauder, Battlecruiser  
  101  11:10  Refinery, Battlecruiser  
  101  11:11  Orbital Command  
  116  11:12  Refinery  
  116  11:15  Battlecruiser  
  116  11:18  SCV  
  123  11:22  Engineering Bay  
  123  11:28  Supply Depot  
  123  11:30  SCV  
  125  11:40  SCV  
  125  11:50  Weapon Refit  
  125  11:52  SCV, Supply Depot  
  126  11:54  Hi-Sec Auto Tracking  
  126  12:00  Missile Turret  
  126  12:09  Missile Turret  
  126  12:10  SCV  
  126  12:13  Missile Turret  
  127  12:17  Supply Depot  
  127  12:18  Battlecruiser x2  
  139  12:25  Missile Turret  
  139  12:32  Missile Turret  
  139  12:33  Missile Turret  
  138  13:04  Command Center  
  138  13:37  Command Center  
  138  13:47  Battlecruiser x3  
  143  14:51  Battlecruiser x2  
  140  15:38  Ghost  
  140  15:40  Siege Tank  
  133  16:07  Ghost  
  135  16:12  Siege Tank  
  132  16:35  Ghost  
  134  16:40  Battlecruiser x3  
  134  16:44  Nuke  
  134  16:45  Siege Tank  
  155  17:02  SCV x2  
  157  17:14  SCV  
  158  17:23  Ghost  
  158  17:44  Battlecruiser x2  
  170  17:53  Marauder  
  172  18:15  Missile Turret  
  172  18:18  Missile Turret  
  172  18:19  Missile Turret  
  172  18:20  Marauder, Refinery, Battlecruiser  
  172  18:22  Refinery  
  180  18:41  Marauder  
  176  19:03  Marauder  
Tags
 
League
Silver
Matchup
PvT
Replay Pack
All Mines
Spawn Locations
Cross Positions
Add a new tag
Caveats
  • Supply blocks, unpowered buildings, or Contaminate may cause inaccurate times.
  • Supply counts are checked every 10 seconds.